 Dungeon Crawl Stone Soup version 0.29.0-4-gdea44cf6ec (webtiles) character file.

Game seed: 14538543981716682458

2655 apoch the Cleaver (level 9, -5/85 HPs)
             Began as a Minotaur Berserker on Aug 27, 2022.
             Was a Priest of Trog.
             Slain by a yak (9 damage)
             ... on level 8 of the Dungeon.
             The game lasted 00:16:38 (6940 turns).

apoch the Cleaver (Minotaur Berserker)              Turns: 6940, Time: 00:16:39

Health: -5/85      AC:  0    Str: 26    XL:     9   Next: 36%
Magic:  8/8        EV: 12    Int:  4    God:    Trog [***...]
Gold:   296        SH:  0    Dex: 10    Spells: 8/8 levels left

rFire   . . .      SeeInvis .   a - +0 hand axe
rCold   . . .      Faith    .   (no shield)
rNeg    . . .      Spirit   .   u - +3 leather armour {Will+}
rPois   .          Reflect  .   o - +0 hat
rElec   .          Harm     .   (no cloak)
rCorr   .          Rampage  .   (no gloves)
Will    +....                   m - +1 pair of boots
Stlth   +.........              d - amulet of regeneration
HPRegen 1.04/turn               (no ring)
MPRegen 0.11/turn               (no ring)

@: corroded
A: horns 2, retaliatory headbutt
a: Renounce Religion, Berserk, Trog's Hand


You were on level 8 of the Dungeon.
You worshipped Trog.
Trog was most pleased with you.
You visited 1 branch of the dungeon, and saw 8 of its levels.

You collected 381 gold pieces.
You spent 85 gold pieces at shops.

Inventory:

Hand Weapons
 a - a +0 hand axe (weapon)
 b - a +3 vorpal flail
Missiles
 h - a boomerang (quivered)
 i - 64 stones
 y - 2 poisoned darts
Armour
 m - a +1 pair of boots (worn)
 o - a +0 hat (worn)
 u - a +3 leather armour of willpower (worn)
Jewellery
 d - an amulet of regeneration (around neck)
 p - an amulet of the acrobat
Wands
 v - a wand of flame (21)
Scrolls
 c - 2 scrolls of fear
 e - 6 scrolls of magic mapping
 f - a scroll of silence
 j - 4 scrolls of teleportation
 l - 3 scrolls of enchant armour
 n - 3 scrolls of blinking
 r - a scroll of poison
 s - 2 scrolls of enchant weapon
 w - a scroll of summoning {unknown}
 x - 5 scrolls of identify
 B - a scroll of amnesia {unknown}
Potions
 g - a potion of might
 k - 2 potions of ambrosia
 q - 4 potions of curing
 t - a potion of berserk rage
 z - 2 potions of flight
 C - 2 potions of lignification {unknown}


   Skills:
 - Level 10.0 Fighting
 - Level 12.0 Axes
 + Level 4.9 Armour
 - Level 2.1 Dodging


You had 8 spell levels left.
You didn't know any spells.
Your spell library was empty.

Dungeon Overview and Level Annotations

Branches:
Dungeon (8/15)             Temple (0/1) D:4
   Lair: D:8-11

Altars:
Cheibriados
Makhleb
Nemelex Xobeh
Ru
Trog

Shops:
D:4 *   D:5 :

Annotations:
D:8 Gastronok


Innate Abilities, Weirdness & Mutations

You have a pair of horns on your head.
You reflexively headbutt those who attack you in melee.


Message History

You feel much better. The acid dragon closely misses you.
The acid dragon claws you. The yak misses you. You furiously retaliate!
You headbutt the yak.
An orc comes into view. It is wielding a +0 short sword.
You hit the acid dragon but do no damage.
The acid dragon is almost dead.
You hit the yak. The acid dragon spits acid at you.
The splash of acid hits you!! The acid corrodes you! The yak gores you!
You hit the acid dragon but do no damage.
The acid dragon is almost dead.
You hit the yak. The yak closely misses you. The acid dragon bites you.
* * * LOW HITPOINT WARNING * * *
The acid dragon misses you.
You closely miss the acid dragon.
The acid dragon is almost dead.
You hit the yak but do no damage. You slash the acid dragon!
You kill the acid dragon!
Trog accepts your kill.
You hit the yak but do no damage. The yak gores you!!
* * * LOW HITPOINT WARNING * * *
You hit the yak. You headbutt the yak.
The yak is heavily wounded.
The yak barely misses you.
You hit the yak. Your headbutt misses the yak.
The yak is heavily wounded.
The orc throws a javelin.
The javelin pierces through you.
* * * LOW HITPOINT WARNING * * *
You hit the yak but do no damage.
The yak is heavily wounded.
The yak gores you.
* * * LOW HITPOINT WARNING * * *
You closely miss the yak.
The yak is heavily wounded.
The yak misses you.
You completely miss the yak.
The yak is heavily wounded.
The yak gores you!
You die...

.......#.# ##...P..#.#####
...._...#.....# #
#...PP..#...#.#.#
#.............#.###.# ...
#..................# ..#
#..#...........##### ###.#
#..#..........## ....
#.†..o.@.....#
###.######.....Y......########
..#...................#......#
.##...................#......#
..............#########......####
.##...................'......'...
'##.................###......###.
............>.......# #......# #.
....#####...........# #......# #.


You could see a yak and an orc.

Vanquished Creatures
  Eustachio (D:4)
  The ghost of howech the Digger, an amateur GrEE (D:4)
  Edmund (D:4)
  Duvessa (D:4)
  An acid dragon (D:8)
  The ghost of GloriousHammer the Trooper, an amateur OgWr (D:3)
  An ice beast (D:6)
  4 black bears
  The ghost of PieDemon the Chopper, an amateur MiFi (D:3)
  A sky beast (D:6)
  The ghost of apoch the Chopper, an amateur HOFi of Ignis (D:3)
  An ogre (D:6)
  The ghost of SnakkuSnakku7 the Caller, an amateur PaSu of Xom (D:3)
  The ghost of blobycou the Trooper, an amateur DsFi (D:3)
  2 centaurs
  A phantom (D:5)
  2 necrophages (D:6)
  A scorpion (D:4)
  Dowan (D:4)
  4 howler monkeys
  2 jellies
  2 iguanas
  3 orc wizards
  3 adders
  A gnoll (D:6)
  2 shadow imps
  A white imp (D:6)
  A worm (D:5)
  2 dart slugs
  6 orcs
  8 bats
  8 endoplasms
  4 giant cockroaches
  4 goblins
  6 hobgoblins
  6 jackals
  4 quokkas
  8 ball pythons
  2 frilled lizards (D:1)
  2 kobolds
  8 rats
111 creatures vanquished.

Notes
Turn   | Place    | Note
-------+----------+-------------------------------------------
     0 | D:1      | apoch the Minotaur Berserker began the quest for the Orb.
     0 | D:1      | Reached XP level 1. HP: 19/19 MP: 0/0
    53 | D:1      | Reached skill level 4 in Axes
   200 | D:1      | Reached XP level 2. HP: 21/26 MP: 1/1
   521 | D:1      | Reached ** piety under Trog
   653 | D:1      | Reached skill level 5 in Axes
   830 | D:1      | Reached XP level 3. HP: 23/31 MP: 2/2
  1482 | D:2      | Found a sacrificial altar of Ru.
  1545 | D:2      | You fall into a shaft and drop 1 floor!
  2171 | D:3      | Found a runed translucent gate.
  2171 | D:3      | Found a runed translucent gate.
  2171 | D:3      | Noticed PieDemon's ghost (amateur MiFi)
  2202 | D:3      | Noticed SnakkuSnakku7's ghost (amateur PaSu)
  2202 | D:3      | Noticed GloriousHammer's ghost (amateur OgWr)
  2202 | D:3      | Noticed apoch's ghost (amateur HOFi)
  2202 | D:3      | Noticed blobycou's ghost (amateur DsFi)
  2203 | D:3      | Found a runed translucent gate.
  2339 | D:3      | Reached skill level 6 in Axes
  2339 | D:3      | Reached XP level 4. HP: 39/39 MP: 3/3
  2386 | D:3      | Reached *** piety under Trog
  2406 | D:3      | Found a burning altar of Makhleb.
  2406 | D:3      | Noticed a balrug
  2409 | D:3      | Noticed a neqoxec
  2409 | D:3      | Noticed an orange demon
  2947 | D:4      | Noticed Edmund
  2961 | D:4      | Killed Edmund
  2962 | D:4      | Reached skill level 7 in Axes
  2962 | D:4      | Reached XP level 5. HP: 34/45 MP: 4/4
  3128 | D:4      | Noticed howech's ghost (amateur GrEE)
  3139 | D:4      | Found a runed translucent gate.
  3140 | D:4      | Found a runed translucent gate.
  3146 | D:4      | Found a runed translucent gate.
  3200 | D:4      | Noticed Duvessa
  3203 | D:4      | Noticed Dowan
  3209 | D:4      | Reached skill level 8 in Axes
  3212 | D:4      | Killed Duvessa
  3213 | D:4      | Reached XP level 6. HP: 51/51 MP: 5/5
  3220 | D:4      | Killed Dowan
  3221 | D:4      | Reached skill level 9 in Axes
  3269 | D:4      | Found a sacrificial altar of Ru.
  3347 | D:4      | Found Hiulymub's Assorted Antiques.
  3352 | D:4      | Bought a scroll labelled ELARIZITAGH for 22 gold pieces
  3352 | D:4      | Bought a scroll labelled ELARIZITAGH for 22 gold pieces
  3352 | D:4      | Bought a fuming white potion for 19 gold pieces
  3352 | D:4      | Bought a scroll labelled NEMUOQ JADUY for 22 gold pieces
  3367 | D:4      | Noticed Eustachio
  3397 | D:4      | Killed Eustachio
  3398 | D:4      | Reached XP level 7. HP: 26/57 MP: 6/6
  3564 | D:4      | Reached skill level 10 in Axes
  3636 | D:4      | Found a staircase to the Ecumenical Temple.
  3892 | D:5      | Entered Level 5 of the Dungeon
  4060 | D:5      | Found Doeneel's Book Emporium.
  4508 | D:6      | Reached skill level 11 in Axes
  4737 | D:6      | Reached XP level 8. HP: 63/67 MP: 7/7
  4961 | D:6      | Identified the +6 dagger of the Haunted God {freeze, Dex+4}
  4999 | D:6      | Reached skill level 5 in Fighting
  4999 | D:6      | Reached skill level 12 in Axes
  6085 | D:7      | Found a sparkling altar of Nemelex Xobeh.
  6140 | D:7      | Found a snail-covered altar of Cheibriados.
  6376 | D:3      | Killed GloriousHammer's ghost
  6377 | D:3      | Killed SnakkuSnakku7's ghost
  6382 | D:3      | Killed PieDemon's ghost
  6383 | D:3      | Reached XP level 9. HP: 70/83 MP: 8/8
  6384 | D:3      | Killed blobycou's ghost
  6387 | D:3      | Killed apoch's ghost
  6552 | D:4      | Killed howech's ghost
  6553 | D:4      | Reached skill level 10 in Fighting
  6774 | D:8      | Found a bloodstained altar of Trog.
  6901 | D:8      | Noticed Gastronok
  6928 | D:8      | HP: 3/85 [acid dragon/splash of acid (27)]
  6938 | D:8      | HP: 2/85 [yak (5)]
  6940 | D:8      | Slain by a yak

Illustrated notes

Levels and vault maps discovered:
D:1:      psy_arrival_fountain, layout_basic
D:2:      layout_loops_cross, basic_altar
D:3:      cheibrodos_helix_gallery, layout_loops_cross,
          makhleb_altar_promises_db, gammafunk_ghost_cemetery,
          grunt_ministairs_12, patterned_corridor
D:4:      layout_basic, nicolae_ru_path_of_blood, temple_green, serial_shops,
          shop, gammafunk_ghost_split, hangedman_decor_points, uniq_edmund,
          uniq_eustachio, uniq_duvessa
D:5:      layout_basic, serial_shops, shop
D:6:      minmay_spotlight, layout_basic
D:7:      layout_basic, nemelex_diamond_rough_becter,
          mainiacjoe_overflow_brackets, st_stairs_4
D:8:      layout_basic, trog_ov_bears_minmay, serial_park_tiny_pond,
          uniq_gastronok

Skill      XL: |  1  2  3  4  5  6  7  8  9 |
---------------+----------------------------+-----
Axes           | 4 5 6 7 8 9 11 12 | 12.0
Fighting       | 4 9 10 | 10.0
Armour         | 4 |  4.9
Dodging        | |  2.1

Action                   |  1- 3 |  4- 6 |  7- 9 || total
-------------------------+-------+-------+-------++-------
Melee: Hand axe          |    77 |    50 |   170 ||   297
       Headbutt          |     5 |    10 |    27 ||    42
       Punch             |     1 |       |     2 ||     3
Throw: Stone             |    15 |       |       ||    15
       Boomerang         |    29 |    15 |    94 ||   138
Invok: Berserk           |       |     3 |     2 ||     5
       Trog's Hand       |       |       |     1 ||     1
  Use: Scroll            |       |       |    17 ||    17
       Potion            |       |       |     2 ||     2
Armor: Animal skin       |    15 |       |       ||    15
       Leather armour    |     2 |     9 |    73 ||    84
       Scale mail        |       |     1 |       ||     1
Dodge: Dodged            |    51 |    26 |    80 ||   157
